 Dungeon Crawl Stone Soup version 0.29.1-12-g30fa7ad0bf (webtiles) character file.

Game seed: 15618661842823965959

94523 javelincjr the Eclecticist (level 16, 0/107 HPs)
             Began as a Djinni Conjurer on Dec 15, 2022.
             Was the Champion of Qazlal.
             Slain by a deep troll (6 damage)
             ... on level 1 of the Orcish Mines.
             The game lasted 03:17:10 (21326 turns).

javelincjr the Eclecticist (Djinni Conjurer)       Turns: 21326, Time: 03:17:10

Health: 0/107      AC: 17    Str: 14 (16) XL:     16   Next: 60%
Gold:   1063       EV: 14    Int: 31 (32) God:    Qazlal [******] SH: 13 Dex: 15 (16)

rFire   + + +      SeeInvis +   y - +5 long sword of Yzxozybi {flame, rElec rPois SInv Stlth+}
rCold   x . .      Faith    .   (no shield)
rNeg    . . .      Spirit   .   a - +4 troll leather armour
rPois   ∞          Reflect  +   q - +1 helmet
rElec   +          Harm     .   V - +1 cloak
rCorr   .          Rampage  .   Z - +0 pair of gloves
Will    ++...                   (boots unavailable)
Stlth   +.........              D - amulet of Ucaufan {Reflect rF+ Will+ Str+2 SH+5}
HPRegen 1.07/turn               t - +6 ring of strength
MPRegen 0.00/turn               N - +6 ring of dexterity

@: mighty, protected from physical damage, flying, silenced, repel missiles
A: sickness immunity, fire resistance 2, cold vulnerability 1, float, innate
caster, HP casting, extra vitality 1, clever 2, deterioration 1
a: Renounce Religion


You were on level 1 of the Orcish Mines.
You worshipped Qazlal.
Qazlal was exalted by your worship.
You visited 3 branches of the dungeon, and saw 18 of its levels.
You visited 1 bazaar.
You also visited: Bailey and Ice Cave.

You collected 2343 gold pieces.
You spent 1280 gold pieces at shops.

Inventory:

Hand Weapons
 v - the +5 lajatang of the Endless Expanse {freeze, rElec rCorr}
   (You found it on level 5 of the Dungeon)

   It freezes those it strikes, dealing additional cold damage.
   It can also slow down cold-blooded creatures.
   rElec:     It insulates you from electricity.
   rCorr:     It protects you from acid and corrosion.
 y - the +5 long sword of Yzxozybi (weapon) {flame, rElec rPois SInv Stlth+}
   (You bought it in a shop on level 2 of the Orcish Mines)

   It burns those it strikes, dealing additional fire damage.
   Big, fiery blades are also staple armaments of hydra-hunters.
   rElec:     It insulates you from electricity.
   rPois:     It protects you from poison.
   SInv:      It lets you see invisible.
   Stlth:     It makes you more stealthy.
 C - the +11 arbalest "Qoto" {elec, rF- Str+7}
   (You took it off a centaur on level 6 of the Dungeon)

   Any ammunition fired from it occasionally discharges a powerful burst of
   electricity upon striking a foe.
   Str:       It affects your strength (+7).
   rF:        It makes you vulnerable to fire.
 J - a +3 dire flail of holy wrath
 W - a +5 long sword of draining
Missiles
 b - 65 poisoned darts
 g - 9 curare-tipped darts
 h - 28 boomerangs
 n - 6 throwing nets
 u - 6 javelins
Armour
 a - a +4 troll leather armour (worn)
 i - +0 swamp dragon scales
 o - a +3 leather armour of fire resistance
 q - a +1 helmet (worn)
 F - a +2 robe of the Archmagi
 O - the +7 chain mail "Zeociuxe" {Harm rF+ SInv}
   (You found it on level 13 of the Dungeon)

   rF:        It protects you from fire.
   SInv:      It lets you see invisible.
   Harm:      It increases damage dealt and taken.
 V - a +1 cloak (worn)
 Z - a +0 pair of gloves (worn)
Jewellery
 e - a ring of protection from fire
 l - a ring of protection from cold
 t - a +6 ring of strength (left hand)
 x - a ring of positive energy
 A - an amulet of the acrobat
 D - the amulet of Ucaufan (around neck) {Reflect rF+ Will+ Str+2 SH+5}
   (You found it on level 6 of the Dungeon)

   [amulet of reflection]

   It reflects blocked missile attacks.
   Str:       It affects your strength (+2).
   rF:        It protects you from fire.
   SH:        It affects your SH (+5).
   Will:      It increases your willpower.
 N - a +6 ring of dexterity (right hand)
 P - a ring of fire
 Q - the ring of Guotry {Wiz rN+}
   (You bought it in a shop in a bazaar)

   [ring of wizardry]

   It improves your spell success rate.
   rN:        It protects you from negative energy.
 X - the ring "Plog" {rN+ Int+2}
   (You found it on level 15 of the Dungeon)

   [ring of positive energy]

   Int:       It affects your intelligence (+2).
   rN:        It protects you from negative energy.
Wands
 c - a wand of flame (50)
 w - a wand of charming (10)
 z - a wand of mindburst (34)
 E - a wand of roots (7)
 R - a wand of light (12)
Scrolls
 k - 2 scrolls of enchant weapon
 m - 4 scrolls of summoning
 r - a scroll of fog
 s - 3 scrolls of teleportation
 M - a scroll of poison
 S - 5 scrolls of identify
 T - 2 scrolls of fear
 U - a scroll of blinking
 Y - a scroll of magic mapping
Potions
 d - 6 potions of curing
 f - 6 potions of heal wounds
 j - 2 potions of resistance
 B - 4 potions of might
 G - 5 potions of brilliance
 H - 3 potions of invisibility
 I - 5 potions of mutation
 K - 7 potions of haste
 L - a potion of cancellation
Miscellaneous
 p - a lightning rod (4/4)


   Skills:
 + Level 7.5 Fighting
 + Level 1.8 Short Blades
 + Level 0.8 Staves
 + Level 11.9 Ranged Weapons
 + Level 4.3 Armour
 + Level 6.0 Dodging
 + Level 5.0 Stealth
 + Level 5.0 Shields
 + Level 0.8 Unarmed Combat
 + Level 15.4 Spellcasting
 + Level 2.9 Evocations


You had 5 spell levels left.
You knew the following spells:

 Your Spells              Type           Power      Damage    Failure   Level
a - Magic Dart            Conj           100%       1d8       0%          1
b - Searing Ray           Conj           100%       2d8       0%          2
c - Dazzling Flash        Conj/Hex       100%       N/A       0%          3
d - Fulminant Prism       Conj/Hex       44%        3d20      1%          4
e - Iskenderun's Mystic   Conj/Tloc      88%        2d17      1%          4
f - Beastly Appendage     Tmut           100%       N/A       0%          1
g - Call Imp              Summ           88%        N/A       0%          2
h - Swiftness             Air            88%        N/A       0%          3
i - Sticky Flame          Conj/Fire      88%        2d10      1%          4
j - Blade Hands           Tmut           44%        N/A       1%          5
k - Summon Mana Viper     Hex/Summ       88%        N/A       1%          5
l - Iron Shot             Conj/Erth      44%        9d9       1%          6
Your spell library was empty.

Dungeon Overview and Level Annotations

Branches:
Dungeon (15/15)            Temple (1/1) D:7            Lair (0/5) D:8
    Orc (2/2) D:11            Elf (0/3) Orc:2        Vaults (0/5) D:13
 Depths (0/4) D:15         Bailey (visited)           IceCv (visited)

Altars:
Ashenzari
Cheibriados
Dithmenos
Elyvilon
Fedhas
Gozag
Hepliaklqana
Makhleb
Nemelex Xobeh
Okawaru
Qazlal
Ru
Trog
Uskayaw
Wu Jian
Xom
Yredelemnul
Zin
The Shining One

Shops:
D:11 [(   Orc:1 [   Orc:2 (*=

Annotations:
D:8 1 runed translucent door
Orc:1 1 transporter, 1 runed translucent door


Innate Abilities, Weirdness & Mutations

You are immune to sickness and miasma.
You are immune to poison.
Your flesh is very heat resistant. (rF++)
You are vulnerable to cold. (rC-)
You float through the air rather than walking.
You learn spells naturally, not from books.
Your magical power is your life essence.
You have superior vitality. (+4 MHP)
Your mind is very acute. (Int +8, Str/Dex -2)
Your body sometimes deteriorates upon taking damage.


Message History

Your body deteriorates!
You feel weakened.
The troll is engulfed in freezing vapours.
The troll completely misses you. The troll barely misses you.
The troll misses you.
You feel very mighty all of a sudden.
The troll is engulfed in freezing vapours.
You block the troll's attack. x3
You slash the troll! You burn the troll.
You kill the troll!
Qazlal accepts your kill.
The moth of wrath goads the deep troll on!
The deep troll goes berserk!
You slash the deep troll! You burn the deep troll.
The deep troll is lightly wounded.
The deep troll bites you!!
You feel protected from physical attacks.
The deep troll claws you.
You feel more protected from physical attacks.
You block the deep troll's attack. x2; The deep troll barely misses you.
The deep troll claws you!!
Your body deteriorates!
You feel clumsy.
You feel more protected from physical attacks.
You slash the deep troll! You burn the deep troll.
The deep troll is moderately wounded.
The deep troll closely misses you.
The deep troll claws you but does no damage.
You block the deep troll's attack.
The deep troll bites you but does no damage.
You block the deep troll's attack. x2
You slash the deep troll! You burn the deep troll.
The deep troll is heavily wounded.
The deep troll closely misses you. The deep troll claws you!
* * * LOW HITPOINT WARNING * * *
Your body deteriorates!
You feel dopey. The deep troll claws you!
* * * LOW HITPOINT WARNING * * *
You block the deep troll's attack. The deep troll claws you!
* * * LOW HITPOINT WARNING * * *
The deep troll claws you.
You die... ### ## ### #...# eeey#§

##.####.## ####### #...#....#
.......## #.......## ......##
#......... ## #
⌠..###...######......... .#####
..$#y#..°#y#......#.^.#. .....##
.$$####T'###......#...#. .....##.
[([ ##.@.##........#.#..
....©##..|:_+W#§☼©##©......#...#.
.....##..)$)###...##......###.###
.....##...$$ ###++###....###....#
.##### ... .#y#....# ##.... ## y#
.⌠ .######## ##...# ## . ##.....
#...... ##...###


You could see a deep troll (berserk), a moth of wrath (unsilenced) and a silent
spectre (silencing).

Vanquished Creatures
  Jorgrun (D:13)
  An orc warlord (Orc:2)
  Louise (D:14)
  The ghost of Jutsoyk the Scorcher, a journeyman DrCj of Gozag (D:14)
  An eidolon (D:14)
  Josephine (D:14)
  Harold (D:11)
  3 vault guards (D:13)
  2 ironbound frosthearts (IceCv)
  Erolcha (Orc:1)
  5 hydras
  2 boulder beetles
  The ghost of ratmagoo the Grappler, a novice TrFi (D:9)
  2 two-headed ogres
  4 centaur warriors
  Erica (D:9)
  A death yak (IceCv)
  An alligator (shapeshifter) (D:15)
  2 tengu warriors (D:14)
  5 orc high priests (Orc:2)
  Sonja (D:11)
  A shadow wraith (D:14)
  Lodul (D:13)
  2 flayed ghosts (D:14)
  A wizard (D:14)
  Pikel (D:7)
  A phantasmal warrior (D:14)
  8 ugly things
  4 deep elf pyromancers
  An orc sorcerer (Orc:2)
  4 cyclopes
  A salamander (D:15)
  2 orc knights (Orc:2)
  9 manticores
  Maurice (D:11)
  An ice statue (IceCv)
  An unseen horror (D:10)
  2 gargoyles
  A rime drake (IceCv)
  2 tengu conjurers
  8 trolls
  8 polar bears (IceCv)
  Prince Ribbit (D:5)
  16 slime creatures
  Sigmund (D:5)
  3 shadows
  34 yaks
  7 wraiths
  A basilisk (D:15)
  Grum (D:11)
  2 neqoxecs (D:9)
  Eustachio (D:5)
  6 vampire mosquitoes
  Menkaure (D:5)
  8 humans (D:13)
  3 wargs (Orc:2)
  3 acid dragons
  2 water moccasins (D:8)
  2 ice beasts (D:5)
  33 orc warriors
  3 black bears
  2 sky beasts
  10 ogres
  12 wolves
  4 boggarts (D:15)
  14 centaurs
  2 lemures (D:7)
  5 kobold brigands
  Blork the orc (D:6)
  6 bullfrogs
  3 necrophages
  A gnoll sergeant (Orc:1)
  12 scorpions
  5 wights (D:8)
  A killer bee (D:8)
  3 howler monkeys
  3 quasits (D:9)
  10 orc priests
  3 jellies
  3 gnoll boudas
  3 hounds
  7 iguanas
  Ijyb (D:5)
  Natasha (D:2)
  19 orc wizards
  A statue (D:3)
  33 gnolls
  8 adders
  A shadow imp (D:5)
  4 white imps
  An ufetubus (D:6)
  2 worms
  A dart slug (D:6)
  68 orcs
  3 bats (D:1)
  9 endoplasms
  9 giant cockroaches
  12 goblins
  2 hobgoblins (D:2)
  6 jackals
  3 quokkas
  6 ball pythons
  5 frilled lizards
  18 kobolds
  4 rats
  25 fulminant prisms
578 creatures vanquished.

Vanquished Creatures (collateral kills)
  An ogre (D:3)
1 creature vanquished.

Vanquished Creatures (others)
  A human (D:13)
  A kobold brigand (D:9)
  212 fulminant prisms
  3 fungi (Orc:2)
217 creatures vanquished.

Grand Total: 796 creatures vanquished

Notes
Turn   | Place    | Note
-------+----------+-------------------------------------------
     0 | D:1      | javelincjr the Djinni Conjurer began the quest for the Orb.
     0 | D:1      | javelincjr set off with the following spells memorised:
                  | Magic Dart, Searing Ray, Dazzling Flash, Fulminant Prism,
                  | Iskenderun's Mystic Blast.
     0 | D:1      | Reached XP level 1. HP: 15/15 MP: 0/0
   323 | D:1      | Reached XP level 2. HP: 19/21 MP: 0/0
  1047 | D:1      | Reached XP level 3. HP: 21/25 MP: 0/0
  1047 | D:1      | Learned a level 1 spell: Beastly Appendage
  1094 | D:1      | Found a faded altar of an unknown god.
  1444 | D:2      | Reached skill level 4 in Spellcasting
  1990 | D:2      | Noticed Natasha
  1996 | D:2      | Killed Natasha
  1997 | D:2      | Reached XP level 4. HP: 26/31 MP: 0/0
  2206 | D:3      | Found an iron altar of Okawaru.
  3051 | D:3      | Noticed a charred statue
  3175 | D:3      | Killed a charred statue
  3176 | D:3      | Reached XP level 5. HP: 22/35 MP: 0/0
  3176 | D:3      | Learned a level 2 spell: Call Imp
  3617 | D:3      | Gained mutation: Your mind is acute. (Int +4, Str/Dex -1)
                  | [potion of mutation]
  3617 | D:3      | Gained mutation: Your mind is very acute. (Int +8, Str/Dex
                  | -2) [potion of mutation]
  3715 | D:4      | Noticed an ogre
  4157 | D:3      | Killed an ogre
  4158 | D:3      | Reached skill level 5 in Spellcasting
  4158 | D:3      | Reached XP level 6. HP: 11/40 MP: 0/0
  4839 | D:5      | Entered Level 5 of the Dungeon
  4839 | D:5      | Noticed Ijyb
  4843 | D:5      | Killed Ijyb
  4846 | D:5      | Reached XP level 7. HP: 30/46 MP: 0/0
  4846 | D:5      | Learned a level 3 spell: Swiftness
  4851 | D:5      | Noticed Prince Ribbit
  4858 | D:5      | Killed Prince Ribbit
  4859 | D:5      | Reached skill level 6 in Spellcasting
  5091 | D:5      | Reached skill level 1 in Fighting
  5273 | D:5      | Reached skill level 1 in Short Blades
  5273 | D:5      | Reached XP level 8. HP: 26/52 MP: 0/0
  5470 | D:5      | Noticed Eustachio
  5484 | D:5      | Killed Eustachio
  5485 | D:5      | Noticed Sigmund
  6005 | D:5      | Reached skill level 7 in Spellcasting
  6174 | D:5      | Found an opulent altar of Gozag.
  6197 | D:5      | Noticed Menkaure
  6205 | D:5      | Killed Menkaure
  6460 | D:5      | Noticed an angel
  6469 | D:5      | Found a glowing silver altar of Zin.
  6474 | D:5      | Killed Sigmund
  6475 | D:5      | Reached XP level 9. HP: 51/57 MP: 0/0
  6475 | D:5      | Learned a level 4 spell: Sticky Flame
  6728 | D:5      | Reached skill level 8 in Spellcasting
  6945 | D:5      | Identified the +5 lajatang of the Endless Expanse {freeze,
                  | rElec rCorr}
  7087 | D:6      | Found a snail-covered altar of Cheibriados.
  7100 | D:6      | Reached skill level 1 in Armour
  7667 | D:6      | Identified the +11 arbalest "Qoto" {elec, rF- Str+7}
  7929 | D:6      | Identified the amulet of Ucaufan {Reflect rF+ Will+ Str+2
                  | SH+5}
  8169 | D:6      | Noticed Blork the orc
  8174 | D:6      | Killed Blork the orc
  8183 | D:6      | Reached skill level 9 in Spellcasting
  8792 | D:7      | Noticed Pikel
  8795 | D:7      | Killed Pikel
  8796 | D:7      | Reached skill level 1 in Ranged Weapons
  8796 | D:7      | Reached XP level 10. HP: 56/64 MP: 0/0
  8930 | D:7      | Identified the +0 plate armour "Cirimy" {MP+9 Str+4 Stlth+}
  9234 | D:7      | Found a staircase to the Ecumenical Temple.
  9243 | Temple   | Entered the Ecumenical Temple
  9370 | Temple   | Became a worshipper of Qazlal Stormbringer
  9651 | D:8      | Found a runed translucent door.
  9653 | D:8      | Found a runed translucent door.
  9810 | D:8      | Reached skill level 10 in Spellcasting
 10023 | D:8      | Found a staircase to the Lair.
 10046 | D:8      | Reached * piety under Qazlal
 10508 | D:8      | Found an ornate altar of the Wu Jian Council.
 10673 | D:9      | Noticed Erica
 10680 | D:9      | Killed Erica
 10681 | D:9      | Reached XP level 11. HP: 37/71 MP: 0/0
 10681 | D:9      | Learned a level 5 spell: Blade Hands
 10685 | D:9      | Reached skill level 5 in Ranged Weapons
 10802 | D:9      | Found a transporter.
 10807 | D:9      | Noticed ratmagoo's ghost (novice TrFi)
 10835 | D:9      | Found a transporter.
 10880 | D:9      | Noticed a two-headed ogre
 10896 | D:9      | Reached ** piety under Qazlal
 10902 | D:9      | Killed a two-headed ogre
 11020 | D:9      | Found a flagged portal.
 11050 | Bailey   | Entered a bailey
 12341 | D:9      | Found a bloodstained altar of Trog.
 12521 | D:9      | Gained mutation: Your body sometimes deteriorates upon
                  | taking damage. [a neqoxec]
 12534 | D:9      | Killed ratmagoo's ghost
 12534 | D:9      | Reached *** piety under Qazlal
 12535 | D:9      | Reached skill level 11 in Spellcasting
 12671 | D:10     | Entered Level 10 of the Dungeon
 12750 | D:10     | Found a sacrificial altar of Ru.
 13340 | D:11     | Noticed Maurice
 13346 | D:11     | Killed Maurice
 13370 | D:11     | Found Fyzim's Weapon Boutique.
 13376 | D:11     | Found a staircase to the Orcish Mines.
 13380 | D:11     | Found Pyeras's Armour Boutique.
 13430 | D:11     | Reached XP level 12. HP: 53/78 MP: 0/0
 13434 | D:11     | Found a flickering gateway to a bazaar.
 13460 | Bazaar   | Entered a bazaar
 13494 | Bazaar   | Found Guskexel's Jewellery Shoppe.
 13494 | Bazaar   | Found Baextoy's Book Emporium.
 13505 | Bazaar   | Bought the ring of Guotry {Wiz rN+} for 659 gold pieces
 13518 | Bazaar   | Found Fyesaude's Jewellery Shoppe.
 13518 | Bazaar   | Found Vaih's Distillery.
 13560 | D:11     | Found a frozen archway.
 13570 | IceCv    | Entered an ice cave
 13582 | IceCv    | Reached **** piety under Qazlal
 13888 | IceCv    | Reached skill level 1 in Shields
 14193 | IceCv    | Noticed a death yak
 14204 | IceCv    | Killed a death yak
 14205 | IceCv    | Reached skill level 12 in Spellcasting
 14671 | IceCv    | Noticed an ironbound frostheart
 14688 | IceCv    | Killed an ironbound frostheart
 14705 | IceCv    | Reached XP level 13. HP: 42/85 MP: 0/0
 14705 | IceCv    | Learned a level 5 spell: Summon Mana Viper
 14938 | IceCv    | Noticed an ironbound frostheart
 14943 | IceCv    | Killed an ironbound frostheart
 15205 | Orc:1    | Entered Level 1 of the Orcish Mines
 15205 | Orc:1    | Noticed Erolcha
 15209 | Orc:1    | Killed Erolcha
 15343 | Orc:1    | Found Ogywkaol's Antique Armour Shoppe.
 15700 | D:11     | Reached skill level 5 in Fighting
 15717 | D:11     | Reached ***** piety under Qazlal
 15752 | D:11     | Noticed Sonja
 15754 | D:11     | Killed Sonja
 15768 | D:11     | Noticed Harold
 15781 | D:11     | Killed Harold
 15784 | D:11     | Noticed Grum
 15793 | D:11     | Killed Grum
 16195 | D:12     | Noticed a boulder beetle
 16202 | D:12     | Killed a boulder beetle
 16203 | D:12     | Reached skill level 5 in Stealth
 16317 | D:12     | Reached skill level 13 in Spellcasting
 16348 | D:12     | Reached skill level 10 in Ranged Weapons
 17013 | D:13     | Noticed a boulder beetle
 17083 | D:13     | Killed a boulder beetle
 17224 | D:13     | Identified the +7 chain mail "Zeociuxe" {Harm rF+ SInv}
 17233 | D:13     | Reached XP level 14. HP: 80/94 MP: 0/0
 17460 | D:13     | Noticed Jorgrun
 17472 | D:13     | Killed Jorgrun
 17485 | D:13     | Noticed Lodul
 17496 | D:13     | Killed Lodul
 17608 | D:13     | Reached skill level 5 in Dodging
 17699 | D:13     | Found a gate to the Vaults.
 18174 | D:14     | Reached skill level 14 in Spellcasting
 18216 | D:14     | Found a runed translucent gate.
 18216 | D:14     | Found a runed translucent gate.
 18216 | D:14     | Found a runed translucent gate.
 18217 | D:14     | Noticed Jutsoyk's ghost (journeyman DrCj)
 18220 | D:14     | Found the +10 Black Knight's barding {ponderous, rPois rN+}
 18446 | D:14     | Noticed Louise
 18460 | D:14     | Killed Louise
 18656 | D:14     | Found an iron altar of Okawaru.
 18658 | D:14     | Found a shadowy altar of Dithmenos.
 18658 | D:14     | Found a hide-covered altar of Uskayaw.
 18676 | D:14     | Found a bloodstained altar of Trog.
 18676 | D:14     | Found a shimmering altar of Xom.
 18676 | D:14     | Found a shadowy altar of Dithmenos.
 18913 | D:14     | Noticed Josephine
 18921 | D:14     | Killed Josephine
 18924 | D:14     | Reached ****** piety under Qazlal
 19252 | D:14     | Reached XP level 15. HP: 92/100 MP: 0/0
 19252 | D:14     | Learned a level 6 spell: Iron Shot
 19405 | D:14     | Killed Jutsoyk's ghost
 19512 | D:14     | Identified the amulet "Upyahah" {RegenMP rN+}
 19539 | D:15     | Entered Level 15 of the Dungeon
 19540 | D:15     | Identified the ring "Plog" {rN+ Int+2}
 19544 | D:15     | Reached XP level 16. HP: 107/107 MP: 0/0
 19617 | D:15     | Found a staircase to the Depths.
 19849 | D:15     | Reached skill level 15 in Spellcasting
 20622 | Orc:2    | Entered Level 2 of the Orcish Mines
 20645 | Orc:2    | Reached skill level 5 in Shields
 20808 | Orc:2    | Found Mytrum's Antique Weapon Emporium.
 20833 | Orc:2    | Found Oniumu Lowne's General Store.
 20836 | Orc:2    | Found a staircase to the Elven Halls.
 20841 | Orc:2    | Bought the +5 long sword of Yzxozybi {flame, rElec rPois
                  | SInv Stlth+} for 621 gold pieces
 20852 | Orc:2    | Found Qaxaisk's Jewellery Shop.
 21218 | Orc:1    | Found a transporter.
 21305 | Orc:1    | Found a transporter.
 21305 | Orc:1    | Found a runed translucent door.
 21305 | Orc:1    | Found a bloodstained altar of Trog.
 21305 | Orc:1    | Found the necklace of Bloodlust {*Rage Will++ Int-3 Slay+6}
 21326 | Orc:1    | Slain by a deep troll

Illustrated notes

Levels and vault maps discovered:
D:1:      minmay_arrival_pointy, layout_basic, ebering_ecumenical_altar_webs,
          hangedman_abyss_or_decor_stabs, kennysheep_minor_cross,
          nicolae_concentric_dashed_squares_wild, nicolae_figureground_sparkle
D:2:      layout_rooms, uniq_natasha
D:3:      layout_loops_corners, nicolae_sif_muna_little_library,
          lemuel_tele_altar, vehumet_statue, chequers_garden, st_stairs_11
D:4:      layout_basic
D:5:      minmay_octagon_keep, layout_loops_ring, zin_angel,
          overflow_temple_1_default, uniq_prince_ribbit1, uniq_menkaure,
          uniq_eustachio, uniq_sigmund, uniq_ijyb
D:6:      layout_basic, kennysheep_slug_shrine, minmay_alternating_orb,
          uniq_blork_the_orc
D:7:      layout_cave_pools, lemuel_temple_firewalk_b, minmay_misc_feat_rows,
          uniq_pikel
D:8:      lemuel_insect_pit, layout_loops_ring,
          mainiacjoe_overflow_tiny_flanked, lair_entry_dummy,
          grunt_ministairs_10
D:9:      layout_rooms, trog_antimagical, gammafunk_ghost_stat_death,
          enter_bailey_5, serial_aquarium, aquarium_bridge_long_joined
          [aquarium_subvault_wall, aquarium_subvault_bridge,
          aquarium_subvault_wall, aquarium_subvault_window,
          aquarium_subvault_bridge, aquarium_subvault_wall],
          aquarium_bridge_square [aquarium_subvault_bridge,
          aquarium_subvault_bridge, aquarium_subvault_window,
          aquarium_subvault_bridge], aquarium_window_2, aquarium_window_fake,
          aquarium_window_corridor_2, aquarium_window_2, aquarium_view_2d,
          aquarium_balcony_3a, aquarium_pool_corner, uniq_erica
D:10:     layout_basic, amcnicky_altar_gilded
D:11:     layout_basic, orc_david_3, portal_ice_cave_entry_pillars_1,
          serial_shops, bzr_in_the_mist, uniq_sonja, uniq_grum, uniq_maurice,
          uniq_harold
D:12:     layout_basic, serial_corexii_hall, corexii_hall_statues_u,
          corexii_hall_statues_i
D:13:     layout_loops_corners, ximxim_vaults_locker_room, nrook_loot_triangle,
          uniq_jorgrun, uniq_lodul
D:14:     layout_irregular_city, gammafunk_ghost_spectres, doesnt_xom_only_xom,
          serial_co_window_serial, co_window_of_opportunity_a,
          co_window_paths_a, co_window_paths_b, co_window_corner_a,
          co_window_corner_a, co_window_2corner, co_window_corner_b,
          co_window_unsneaky_path_d, co_window_unsneaky_path_b,
          co_window_corner_b, glass_columns_a, glass_columns_b, glass_columns_a,
          uniq_josephine, uniq_louise
D:15:     hangedman_depths_entry_try_elsewhere_first, layout_cave_pods,
          minmay_misc_feat_cross
Temple:   nicolae_temple_figure_eight
Orc:1:    emtedronai_trogs_sanctum, layout_diamond_mine, serial_shops, shop,
          uniq_erolcha
Orc:2:    grunt_orc_gardens, layout_diamond_mine, grunt_orc_garden,
          grunt_orc_garden, grunt_orc_garden, grunt_orc_garden,
          gammafunk_ghost_necromancy

Skill      XL: |  1  2  3  4  5  6  7  8  9 10 11 12 13 14 15 16 |
---------------+-------------------------------------------------+-----
Spellcasting   | 4 5 6 7 9 10 11 12 13 14 15 | 15.4
Stealth        | 2 3 4 5 |  5.0
Dodging        | 3 4 5 6 |  6.0
Fighting       | 1 2 3 4 6 7 |  7.5
Short Blades   | 1 |  1.8
Armour         | 2 3 4 |  4.3
Ranged Weapons | 1 4 7 8 10 11 | 11.9
Shields        | 1 2 3 4 5 |  5.0
Evocations     | 2 |  2.9
Staves         | |  0.8
Unarmed Combat | |  0.8

Action                   |  1- 3 |  4- 6 |  7- 9 | 10-12 | 13-15 | 16-18 || total
-------------------------+-------+-------+-------+-------+-------+-------++-------
Melee: Short sword       |    12 |     9 |     2 |       |       |       ||    23
       Headbutt          |     1 |     2 |       |       |       |       ||     3
       Lajatang          |       |       |     2 |       |       |       ||     2
       Unarmed           |       |       |       |       |     4 |       ||     4
       Punch             |       |       |       |       |     1 |       ||     1
       Arbalest          |       |       |       |       |     1 |       ||     1
       Long sword        |       |       |       |       |       |     5 ||     5
 Fire: Arbalest          |       |       |    19 |   109 |   132 |    31 ||   291
 Cast: Magic Dart        |    68 |    12 |    17 |     2 |       |     1 ||   100
       Searing Ray       |     2 |     8 |    13 |       |       |       ||    23
       Beastly Appendage |     2 |     1 |     2 |     1 |     1 |     1 ||     8
       Dazzling Flash    |     1 |     1 |       |     1 |       |       ||     3
       Fulminant Prism   |       |     7 |    29 |    49 |   107 |    45 ||   237
       Iskenderun's Myst |       |     5 |    39 |   118 |   101 |    35 ||   298
       Call Imp          |       |     3 |     5 |     1 |     4 |       ||    13
       Sticky Flame      |       |       |       |     1 |       |       ||     1
       Summon Mana Viper |       |       |       |       |     7 |     2 ||     9
       Blade Hands       |       |       |       |       |     1 |       ||     1
       Iron Shot         |       |       |       |       |       |     5 ||     5
  Use: Scroll            |       |    10 |       |     9 |    12 |     2 ||    33
       Potion            |       |     3 |       |     1 |     2 |     1 ||     7
Armor: Robe              |     4 |     8 |     2 |     9 |       |       ||    23
       Leather armour    |       |       |     5 |       |       |       ||     5
       Troll leather arm |       |       |       |       |    12 |     3 ||    15
Dodge: Dodged            |    12 |    11 |    11 |    14 |    27 |     9 ||    84
       Repelled          |       |       |       |       |     6 |       ||     6
Block: Other             |       |       |       |    15 |    38 |    15 ||    68
       Reflection        |       |       |       |     4 |    27 |     2 ||    33
